 Dungeon Crawl Stone Soup version 0.17-a0-1647-gb11a595 (webtiles) character file.

17737 Chiseanne the Fighter (level 12, -1/97 HPs)
             Began as a Demonspawn Wanderer on Aug 12, 2015.
             Was an Elder of Makhleb.
             Killed from afar by Azrael (43 damage)
             ... with a blast of hellfire
             ... on level 12 of the Dungeon.
             The game lasted 00:26:23 (12058 turns).

Chiseanne the Fighter (Demonspawn Wanderer)        Turns: 12058, Time: 00:26:23

Health: -1/97      AC: 29    Str: 12      XL:     12   Next: 21%
Magic:  17/17      EV: 10    Int: 14 (17) God:    Makhleb [****..]
Gold:   450        SH: 16    Dex: 14      Spells: 0 memorised, 11 levels left

rFire  + + .     SeeInvis .     v - +4 long sword "Rosuotol" {drain, *Contam rElec rF+ Dex+4}
rCold  . . .     Clarity  .     F - +7 scale mail of the Evil One {rF+ Str-3 Slay+3}
rNeg   . . .     SustAt   +     a - +1 large shield
rPois  +         Gourm    .     t - +1 helmet
rElec  +         Spirit   .     V - +0 cloak {rPois}
rCorr  +         Warding  .     l - +0 pair of gloves
rMut   .         Stasis   .     n - +0 pair of boots
MR     .....                    p - amulet of resist corrosion
Stlth  +.........               (no ring)
                                W - ring of sustain attributes

@: not resistant to hostile enchantments, very unstealthy
A: talons 1, rough black scales 2, nightstalker 1, spiny 1
a: Minor Destruction, Lesser Servant of Makhleb, Major Destruction, Renounce
Religion


You were on level 12 of the Dungeon.
You worshipped Makhleb.
Makhleb was greatly pleased with you.
You were not hungry.

You visited 2 branches of the dungeon, and saw 13 of its levels.

You collected 693 gold pieces.
You spent 243 gold pieces at shops.

Inventory:

Hand weapons
 c - a +4 war axe
 e - a +3 hand crossbow
 f - the +4 rapier "Tuch" {freeze, -Tele *Confuse MP+9 Dex+2, unknown}
   (You found it on level 4 of the Dungeon)

   It has been specially enchanted to freeze those struck by it, causing extra
   injury to most foes and up to half again as much damage against particularly
   susceptible opponents.
   It can also slow down cold-blooded creatures.
   It affects your dexterity (+2).
   It affects your magic capacity (+9).
   It prevents most forms of teleportation.
   It may confuse you when you take damage.
 r - a +0 war axe
 v - the +4 long sword "Rosuotol" (weapon) {drain, *Contam rElec rF+ Dex+4}
   (You found it on level 4 of the Dungeon)

   A truly terrible weapon, it drains the life of those it strikes.
   It affects your dexterity (+4).
   It protects you from fire.
   It insulates you from electricity.
   It causes magical contamination when unequipped.
 P - a +2 hand axe of flaming
Missiles
 b - 65 bolts
 j - 67 sling bullets
 q - 17 tomahawks (quivered)
 x - 9 exploding sling bullets
 K - 17 steel sling bullets
 L - 17 poisoned needles
 U - 6 javelins
Armour
 a - a +1 large shield (worn)
 l - a +0 pair of gloves (worn)
 n - a +0 pair of boots (worn)
 t - a +1 helmet (worn)
 F - the +7 scale mail of the Evil One (worn) {rF+ Str-3 Slay+3}
   (You bought it in a shop on level 8 of the Dungeon)

   It affects your strength (-3).
   It affects your accuracy and damage with ranged weapons and melee attacks
   (+3).
   It protects you from fire.
 V - a +0 cloak of poison resistance (worn)
Rods
 R - a +1 iron rod (11/11)
   (You found it on level 10 of the Dungeon)
Jewellery
 p - an amulet of resist corrosion (around neck)
 W - a ring of sustain attributes (left hand)
Magical devices
 D - a wand of digging (4)
 J - a wand of teleportation (3)
 O - a wand of fire (0)
 Q - a wand of invisibility (5)
Scrolls
 g - 5 scrolls of teleportation
 s - 9 scrolls of remove curse
 w - a scroll of fear
 y - 4 scrolls of enchant weapon
 E - 2 scrolls of recharging
 I - a scroll of immolation
 M - 3 scrolls of identify
Potions
 d - 7 potions of curing
 h - 2 potions of brilliance
 o - 2 potions of lignification
 A - 2 potions of agility
 B - 2 potions of flight
 C - a potion of berserk rage
 H - a potion of cure mutation
 N - 2 potions of haste
 T - a potion of resistance
Books
 z - a book of Unlife

   Spells                             Type                      Level
   a - Recall                         Summoning/Translocation      3
   b - Animate Dead                   Necromancy                   4
   c - Control Undead                 Necromancy                   4
   d - Cigotuvi's Embrace             Necromancy                   5
   e - Death Channel                  Necromancy                   6
   f - Simulacrum                     Ice/Necromancy               6
 S - a book of Changes

   Spells                             Type                      Level
   a - Beastly Appendage              Transmutation                1
   b - Sticks to Snakes               Transmutation                2
   c - Spider Form                    Transmutation/Poison         3
   d - Ice Form                       Ice/Transmutation            4
   e - Blade Hands                    Transmutation                5
Comestibles
 i - 6 bread rations
 k - 4 slices of pizza
 m - 23 fruits
 u - 5 meat rations
 G - 4 chunks of flesh


   Skills:
 - Level 10.0 Fighting
 - Level 1.7 Crossbows
 * Level 8.8 Armour
 - Level 10.0 Dodging
 - Level 1.0 Stealth
 * Level 8.1 Shields
   Level 1.0 Summonings
   Level 1.7 Transmutations
 * Level 7.9 Invocations


You had 11 spell levels left.
You didn't know any spells.

Dungeon Overview and Level Annotations

Branches:
Dungeon (12/15)            Temple (1/1) D:6            Lair (0/8) D:9
    Orc (0/4) D:9

Altars:
Ashenzari
Cheibriados
Dithmenos
Elyvilon
Fedhas
Gozag
Kikubaaqudgha
Makhleb
Nemelex Xobeh
Okawaru
Qazlal
Ru
Sif Muna
Trog
Vehumet
Xom
Yredelemnul
Zin
The Shining One

Shops:
D:8 [

Annotations:
D:12 Azrael


Innate Abilities, Weirdness & Mutations

You have sharp toenails.
You are mostly covered in rough black scales (AC +7, Dex -2).
You are slightly more attuned to the shadows.
You are partially covered in sharp spines.


Message History

You block the hell hound's attack. The fire elemental closely misses you.
The hell hound is struck by your spines.
You kill the hell hound!
Makhleb accepts your kill.
You feel better. You block the fire elemental's attack.
You hit the fire elemental.
You destroy the fire elemental!
You feel better. You block the fire elemental's attack.
The fire elemental hits you.
You slash the fire elemental!
You destroy the fire elemental!
You block Azrael's attack.
Your shield and scale mail of the Evil One prevent you from hitting Azrael.
Azrael is lightly wounded.
Azrael gestures at you.
The fireball explodes!
The fireball engulfs you! You resist.
The fireball engulfs Azrael.
Azrael completely resists.
Azrael gestures at you.
The hellfire explodes!
The blast of hellfire engulfs you!
You die...

.
#..#........#.†...#..#..#....##
#
#..#........#.....#..#..#......
####.....##########..####......
......................#######
......................#......
###
.############...####..#.....÷
..# ..............#..#......
..# ..............#..#......
### ......R@...#..#..#......
..# .......#####.....#......
..# .......§...#.....#..#..#
..# ......)§...#######..#..#
..# ...........# #.....#..# ..#
.#######/..# #.....#..# ..#
...#..#.....#..# ..#
...#..#..#..#### ..#
..#.....#....#.


You could see Azrael.

Vanquished Creatures
  Urug (D:11)
  3 ugly things
  A hill giant (D:10)
  A manticore (D:12)
  A cyclops (D:12)
  A gargoyle (D:10)
  2 trolls
  2 two-headed ogres (D:11)
  A trapdoor spider (D:12)
  23 yaks
  2 wraiths
  A basilisk (D:12)
  4 wyverns
  3 hippogriffs
  The ghost of Chiseanne the Skirmisher, an average DsWn of Gozag (D:3)
  4 fire elementals (D:12)
  2 hungry ghosts
  Edmund (D:4)
  5 orc warriors
  2 ice beasts
  4 hell hounds (D:12)
  A necrophage (D:5)
  2 phantoms (D:6)
  2 sky beasts
  A black bear (D:7)
  3 ogres
  8 centaurs
  4 big kobolds
  A crocodile (D:12)
  2 wasps
  Blork the orc (D:4)
  A giant frog (D:10)
  A wyvern skeleton (D:10)
  7 killer bees
  6 scorpions
  3 wights (D:11)
  3 hounds
  2 jellies (D:12)
  4 crimson imps
  3 centaur skeletons
  14 orc wizards
  2 giant frog skeletons
  9 orc priests
  7 worker ants
  3 iguanas
  3 sheep (D:12)
  A killer bee zombie (D:7)
  A hound zombie (D:5)
  A hound skeleton (D:8)
  A worker ant zombie (D:7)
  Robin (D:3)
  11 gnolls
  15 adders
  2 shadow imps (D:5)
  3 worms
  5 adder skeletons
  2 adder zombies
  3 giant geckos
  35 orcs
  4 giant cockroaches
  16 goblins
  19 hobgoblins
  20 kobolds
  3 quokkas
  3 ball pythons
  7 bats
  A giant gecko skeleton (D:4)
  5 giant newts
  18 jackals
  2 jackal skeletons (D:5)
  A jackal zombie (D:6)
  A quokka zombie (D:10)
  5 rats
344 creatures vanquished.

Vanquished Creatures (collateral kills)
  A hydra (D:11)
  An ugly thing (D:11)
  A manticore (D:12)
  Maurice (D:12)
  Psyche (D:12)
  A phantom (D:12)
  2 killer bees (D:12)
8 creatures vanquished.

Vanquished Creatures (others)
  An orc (D:12)
1 creature vanquished.

Grand Total: 353 creatures vanquished

Notes
Turn   | Place    | Note
--------------------------------------------------------------
     0 | D:1      | Chiseanne the Demonspawn Wanderer began the quest for the Orb.
     0 | D:1      | Chiseanne set off with: a +2 hand crossbow, 26 bolts, a +0 ring mail, a potion of curing, a bread ration
     0 | D:1      | Reached XP level 1. HP: 18/18 MP: 1/1
   408 | D:1      | Reached skill level 1 in Dodging
   423 | D:1      | Gained mutation: You are partially covered in sharp spines. [demonic ancestry]
   423 | D:1      | Reached XP level 2. HP: 24/24 MP: 2/2
   986 | D:2      | Reached XP level 3. HP: 29/29 MP: 3/3
  1713 | D:3      | Gained mutation: You are partially covered in rough black scales (AC +4, Dex -1). [demonic ancestry]
  1713 | D:3      | Reached XP level 4. HP: 30/37 MP: 4/4
  1725 | D:3      | Reached skill level 4 in Fighting
  1989 | D:3      | Reached XP level 5. HP: 38/43 MP: 5/5
  1992 | D:3      | Noticed Robin
  2009 | D:3      | Killed Robin
  2616 | D:3      | Noticed Chiseanne's ghost (average DsWn)
  2642 | D:3      | Killed Chiseanne's ghost
  2642 | D:3      | Reached skill level 5 in Fighting
  2642 | D:3      | Reached XP level 6. HP: 44/51 MP: 6/6
  2702 | D:4      | Noticed Blork the orc
  3076 | D:4      | Killed Blork the orc
  3177 | D:4      | Got a crystal long sword
  3178 | D:4      | Identified the +4 long sword "Rosuotol" {drain, *Contam rElec rF+ Dex+4} (You found it on level 4 of the Dungeon)
  3255 | D:4      | Got an iridescent rapier
  3507 | D:4      | Noticed Edmund
  3517 | D:4      | Killed Edmund
  3517 | D:4      | Reached skill level 6 in Fighting
  3517 | D:4      | Gained mutation: You are mostly covered in rough black scales (AC +7, Dex -2). [demonic ancestry]
  3517 | D:4      | Reached XP level 7. HP: 46/58 MP: 7/7
  3557 | D:4      | Reached skill level 5 in Dodging
  3612 | D:5      | Entered Level 5 of the Dungeon
  3638 | D:5      | Reached skill level 1 in Armour
  3689 | D:5      | Found an iron altar of Okawaru.
  3877 | D:5      | Reached XP level 8. HP: 58/65 MP: 8/8
  3944 | D:5      | Found an opulent altar of Gozag.
  4071 | D:5      | Reached skill level 7 in Fighting
  4610 | D:6      | Found an opulent altar of Gozag.
  4814 | D:6      | Found a shattered altar of Ashenzari.
  5404 | D:6      | Found a staircase to the Ecumenical Temple.
  5644 | Temple   | Entered the Ecumenical Temple
  5675 | Temple   | Became a worshipper of Makhleb the Destroyer
  5822 | D:7      | Reached skill level 8 in Fighting
  5931 | D:7      | Reached XP level 9. HP: 74/74 MP: 9/9
  6224 | D:7      | Found a snail-covered altar of Cheibriados.
  6476 | D:7      | Acquired Makhleb's first power
  6685 | D:7      | Found a shimmering altar of Xom.
  6940 | D:8      | Found a basalt altar of Yredelemnul.
  7142 | D:8      | Found Wano Zach's Antique Armour Shop.
  7151 | D:8      | Bought a steaming scale mail for 243 gold pieces
  7164 | D:8      | Identified the +7 scale mail of the Evil One {rF+ Str-3 Slay+3} (You bought it in a shop on level 8 of the Dungeon)
  7731 | D:9      | Reached skill level 5 in Armour
  7742 | D:9      | Reached skill level 9 in Fighting
  8029 | D:9      | Reached XP level 10. HP: 42/83 MP: 10/10
  8035 | D:9      | Acquired Makhleb's second power
  8171 | D:9      | Found a staircase to the Orcish Mines.
  8369 | D:9      | Found a staircase to the Lair.
  8622 | D:9      | Found an iron altar of Okawaru.
  8709 | D:10     | Entered Level 10 of the Dungeon
  8845 | D:10     | Acquired Makhleb's third power
  8845 | D:10     | Reached skill level 5 in Shields
  8993 | D:10     | Noticed a hill giant
  9001 | D:10     | Killed a hill giant
  9001 | D:10     | Reached skill level 10 in Fighting
  9259 | D:10     | Reached skill level 1 in Invocations
  9903 | D:11     | Acquired Makhleb's fourth power
  9910 | D:11     | Noticed a white ugly thing
  9926 | D:11     | Gained mutation: You have sharp toenails. [demonic ancestry]
  9926 | D:11     | Reached XP level 11. HP: 31/90 MP: 11/13
  9971 | D:11     | Killed a white ugly thing
 10152 | D:11     | Noticed Urug
 10171 | D:11     | Killed Urug
 10632 | D:11     | Reached skill level 5 in Invocations
 10719 | D:11     | Noticed a seven-headed hydra
 10769 | D:11     | Killed a seven-headed hydra
 11571 | D:12     | Noticed Psyche
 11577 | D:12     | Killed Psyche
 11678 | D:12     | Reached skill level 10 in Dodging
 11735 | D:12     | Noticed Maurice
 11752 | D:12     | Killed Maurice
 11752 | D:12     | Gained mutation: You are slightly more attuned to the shadows. [demonic ancestry]
 11752 | D:12     | Reached XP level 12. HP: 95/97 MP: 17/17
 12039 | D:12     | Noticed Azrael
 12058 | D:12     | Killed from afar by Azrael

Vault maps used:
D:1:      dpeg_arrival_orchard
D:2:      grunt_ministairs_2
D:3:      minmay_goblin_kobold_house, uniq_robin
D:4:      first_bread, uniq_edmund, uniq_blork_the_orc
D:5:      kennysheep_mini_moat, nicolae_overflow_crystal_walls, minmay_holes
D:6:      lemuel_doored_altar, minmay_temple_entry_enclosed_plants, basic_altar,
          kennysheep_generic_room_16
D:7:      lemuel_coloured_pillars_altar, cheibrodos_worm_habitat
D:8:      yredelemnul_altar_generic, serial_shops, shop
D:9:      dpeg_oklobed_lair, orc_0_dummy, blue_anna_alchemist,
          okawaru_altar_gauntlet_db
D:11:     uniq_urug
D:12:     uniq_psyche, uniq_azrael, uniq_maurice
Temple:   circular_temple_13

Action                   |  1- 3 |  4- 6 |  7- 9 | 10-12 || total
-------------------------+-------+-------+-------+-------++-------
Melee: Short sword       |    27 |   116 |       |       ||   143
       Long sword        |       |    17 |   279 |   466 ||   762
 Fire: Hand crossbow     |    32 |    10 |       |       ||    42
Throw: Tomahawk          |       |       |       |     2 ||     2
Invok: Lesser Servant of |       |       |       |    15 ||    15
Evoke: Wand              |       |       |       |     4 ||     4
  Use: Scroll            |     6 |     5 |     7 |     8 ||    26
       Potion            |       |       |     1 |     2 ||     3
 Stab: Distracted        |       |       |       |     2 ||     2
       Sleeping          |       |       |       |     1 ||     1
  Eat: Chunk             |     2 |     4 |    13 |     6 ||    25
       Fruit             |       |     2 |       |    10 ||    12
       Royal jelly       |       |       |     1 |       ||     1
       Beef jerky        |       |       |       |     1 ||     1
